 Dungeon Crawl Stone Soup version 0.23.1 (webtiles) character file.

Game seed: 10526564874289868837

6350 razor4143 the Cleaver (level 10, -19/77 HPs)
             Began as a Demonspawn Gladiator on Mar 8, 2019.
             Was a Priest of Makhleb.
             Demolished by a komodo dragon (26 damage)
             ... on level 2 of the Lair of Beasts.
             The game lasted 00:18:13 (10807 turns).

razor4143 the Cleaver (Demonspawn Gladiator)       Turns: 10807, Time: 00:18:13

Health: -19/77     AC: 12    Str: 18    XL:     10   Next: 65%
Magic:  0/10       EV: 15    Int: 11    God:    Makhleb [***...]
Gold:   403        SH:  5    Dex: 15    Spells: 9/9 levels left

rFire    . . .     SeeInvis .   a - +0 war axe
rCold    . . .     Gourm    .   p - +0 buckler
rNeg     . . .     Faith    .   L - +0 leather armour of the Snake Pit {Int+2 Slay+2} (curse)
rPois    .         Spirit   +   y - +1 helmet
rElec    .         Reflect  .   S - +0 cloak (curse)
rCorr    .         Harm     .   x - +1 pair of gloves
MR       .....     Rnd*Tele +   I - +0 pair of boots
Stlth    +.........             (no amulet)
HPRegen  0.22/turn              l - ring of teleportation (curse)
MPRegen  0.24/turn              t - +1 ring of evasion

@: no status effects
A: hooves 2, yellow scales 2, magic shield, magic regeneration
a: Minor Destruction, Lesser Servant of Makhleb, Renounce Religion


You were on level 2 of the Lair of Beasts.
You worshipped Makhleb.
Makhleb was most pleased with you.
You were not hungry.

You visited 3 branches of the dungeon, and saw 13 of its levels.
You also visited: Ossuary.

You collected 529 gold pieces.
You spent 126 gold pieces at shops.

Inventory:

Hand Weapons
 a - a +0 war axe (weapon)
Missiles
 d - 5 poisoned tomahawks
 N - a throwing net (quivered)
 O - 6 tomahawks
Armour
 o - a +0 ring mail
 p - a +0 buckler (worn)
 v - a +0 large shield
 x - a +1 pair of gloves (worn)
 y - a +1 helmet (worn)
 I - a +0 pair of boots (worn)
 K - a +0 plate armour
 L - the cursed +0 leather armour of the Snake Pit (worn) {Int+2 Slay+2}
   (You found it on level 5 of the Dungeon)

   It affects your intelligence (+2).
   It affects your accuracy and damage with ranged weapons and melee attacks
   (+2).
   It has a curse placed upon it.
 S - a cursed +0 cloak (worn)
Jewellery
 l - a cursed ring of teleportation (left hand)
 t - a +1 ring of evasion (right hand)
 G - an uncursed ring of protection from fire
 Q - an uncursed ring of protection from fire
Wands
 u - a wand of flame (44)
 F - a wand of acid (18)
 M - a wand of paralysis (6)
 P - a wand of random effects (45)
Scrolls
 b - 2 scrolls of blinking {unknown}
 e - 10 scrolls of identify {unknown}
 g - 5 scrolls of remove curse {unknown}
 h - 5 scrolls of teleportation {unknown}
 j - 2 scrolls of amnesia {unknown}
 k - a scroll of magic mapping {unknown}
 s - 2 scrolls of enchant armour {unknown}
 w - 3 scrolls of immolation {unknown}
 C - a scroll of fear {unknown}
 E - 2 scrolls of fog {unknown}
 R - a scroll of holy word {unknown}
Potions
 c - a potion of magic {unknown}
 i - 4 potions of mutation {unknown}
 m - 2 potions of invisibility {unknown}
 n - a potion of resistance {unknown}
 q - 3 potions of flight {unknown}
 r - 2 potions of degeneration {unknown}
 z - 2 potions of might {unknown}
 A - 3 potions of heal wounds {unknown}
 B - 2 potions of lignification {unknown}
 D - 7 potions of curing {unknown}
 H - 2 potions of berserk rage {unknown}
 J - a potion of agility {unknown}
 U - a potion of brilliance {unknown}
Comestibles
 f - 9 rations


   Skills:
 + Level 6.6 Fighting
 * Level 12.5 Axes
 - Level 1.7 Throwing
 - Level 1.5 Armour
 + Level 3.8 Dodging
 - Level 4.0 Shields


You had 9 spell levels left.
You didn't know any spells.
Your spell library was empty.

Dungeon Overview and Level Annotations

Branches:
Dungeon (9/15)             Temple (1/1) D:5            Lair (3/6) D:9
    Orc (0/2) D:9
  Swamp: Lair:2-4    Shoals: Lair:2-4     Snake: Lair:2-4    Spider: Lair:2-4

Altars:
Ashenzari
Cheibriados
Dithmenos
Elyvilon
Fedhas
Gozag
Hepliaklqana
Kikubaaqudgha
Makhleb
Nemelex Xobeh
Okawaru
Qazlal
Ru
Sif Muna
Trog
Uskayaw
Vehumet
Wu Jian
Xom
Yredelemnul
Zin
The Shining One
Lugonu

Shops:
D:5 (   D:6 *}

Annotations:
D:9 Harold
Lair:2 Erica


Innate Abilities, Weirdness & Mutations

You have hoof-like feet.
You are mostly covered in yellow scales. (AC +3)
When hurt, damage is shared between your health and your magic reserves.
You regenerate magic rapidly.


Message History

You slash the blink frog!
The blink frog is moderately wounded.
You hit the komodo dragon but do no damage.
You hit the blink frog. The blink frog closely misses you.
The komodo dragon bites you but does no damage.
The blink frog barely misses you.
The blink frog blinks!
You hit the blink frog.
The blink frog is heavily wounded.
You hit the komodo dragon but do no damage.
You block the blink frog's attack. The komodo dragon bites you.
* * * LOW HITPOINT WARNING * * *
The blink frog blinks!
You hit the blink frog.
The blink frog is heavily wounded.
You hit the komodo dragon.
The blink frog blinks!
The komodo dragon barely misses you.
You hit the komodo dragon but do no damage.
The komodo dragon is lightly wounded.
The blink frog blinks!
The komodo dragon bites you!!
You die...

#.P #...... ##P #......## #.
........# ##. ##......... #P.
.#.......# #.. .........# #P.
......[.## ##.. ##...F.F§@# #...
#.......l## ###. #....§..# #.
#.>.....### #. #........#P #.
##.......#..# ###.
####...........### ######.#.
####................####...#.#..
##...........P...................


You could see a komodo dragon and a blink frog.

Vanquished Creatures
  A troll (D:9)
  4 hippogriffs
  4 hogs (D:7)
  Eustachio (D:4)
  A human (D:7)
  Edmund (D:3)
  2 water moccasins
  A sky beast (D:9)
  2 orc warriors
  An eye of draining (D:5)
  5 ogres
  4 centaurs (D:8)
  A necrophage (D:5)
  4 wolves (D:9)
  2 crocodiles
  A big kobold (D:8)
  7 bullfrogs
  2 elf zombies (Ossuary)
  A wyvern zombie (D:6)
  A scorpion (D:8)
  8 wights
  An electric eel (D:9)
  2 crimson imps (D:6)
  2 bullfrog zombies (D:7)
  2 centaur zombies (Ossuary)
  7 hounds
  A jelly (D:6)
  2 orc priests (D:6)
  3 orc wizards
  2 human zombies (Ossuary)
  An iguana (D:4)
  11 worker ants
  A killer bee zombie (D:9)
  2 big kobold zombies (Ossuary)
  5 hound zombies
  4 mummies
  2 worker ant zombies
  9 adders
  11 gnolls
  2 shadow imps
  6 adder zombies
  3 worms
  A leopard gecko (D:7)
  21 orcs
  3 giant cockroaches (D:7)
  7 hobgoblins
  2 jackals (D:6)
  9 kobolds
  4 quokkas
  A ball python (D:1)
  6 bats
  7 frilled lizards
  A gnoll zombie (Ossuary)
  8 goblins
  2 goblin skeletons (D:7)
  3 goblin zombies (Ossuary)
  6 hobgoblin zombies
  3 jackal zombies (Ossuary)
  4 kobold zombies
  2 leopard gecko skeletons
  An orc skeleton (D:7)
  An orc zombie (D:5)
  4 quokka zombies (Ossuary)
  7 rats
  3 rat zombies (Ossuary)
  2 butterflies (D:8)
241 creatures vanquished.

Notes
Turn   | Place    | Note
-------+----------+-------------------------------------------
     0 | D:1      | razor4143 the Demonspawn Gladiator began the quest for the
                  | Orb.
     0 | D:1      | Reached XP level 1. HP: 16/16 MP: 1/1
    54 | D:1      | Reached skill level 3 in Axes
   102 | D:1      | Gained mutation: You have large cloven feet. [demonic
                  | ancestry]
   102 | D:1      | Reached XP level 2. HP: 22/22 MP: 2/2
   724 | D:1      | Found a hazy altar of Hepliaklqana.
   781 | D:2      | Gained mutation: When hurt, damage is shared between your
                  | health and your magic reserves. [demonic ancestry]
   781 | D:2      | Reached XP level 3. HP: 7/27 MP: 3/3
  1011 | D:2      | Found a stormy altar of Qazlal.
  1041 | D:2      | Reached skill level 4 in Axes
  1353 | D:2      | Reached XP level 4. HP: 19/33 MP: 2/4
  1571 | D:2      | Found a shadowy altar of Dithmenos.
  1664 | D:2      | HP: 1/33 [gnoll/+0 flail (1)]
  1665 | D:2      | Reached skill level 5 in Axes
  2235 | D:3      | Reached XP level 5. HP: 30/38 MP: 5/5
  2534 | D:3      | Found a blossoming altar of Fedhas.
  2838 | D:4      | Noticed Edmund
  2838 | D:4      | Noticed Eustachio
  2871 | D:3      | Killed Edmund
  2871 | D:3      | Reached skill level 6 in Axes
  3132 | D:4      | Killed Eustachio
  3132 | D:4      | Gained mutation: You have hoof-like feet. [demonic
                  | ancestry]
  3132 | D:4      | Reached XP level 6. HP: 19/44 MP: 4/6
  3165 | D:3      | HP: 2/44 [poisoned by Eustachio]
  3686 | D:4      | Found a deep blue altar of Sif Muna.
  3722 | D:4      | Reached skill level 7 in Axes
  4390 | D:5      | Entered Level 5 of the Dungeon
  4430 | D:5      | Found a sparkling altar of Nemelex Xobeh.
  4462 | D:5      | Gained mutation: You are partially covered in yellow
                  | scales. (AC +2) [demonic ancestry]
  4462 | D:5      | Reached XP level 7. HP: 30/50 MP: 5/7
  4605 | D:5      | Found a sand-covered staircase.
  4614 | Ossuary  | Entered an ossuary
  4636 | Ossuary  | Reached skill level 8 in Axes
  5080 | Ossuary  | Reached skill level 9 in Axes
  5080 | Ossuary  | Gained mutation: You are mostly covered in yellow scales.
                  | (AC +3) [demonic ancestry]
  5080 | Ossuary  | Reached XP level 8. HP: 56/56 MP: 8/8
  5162 | D:5      | Found a staircase to the Ecumenical Temple.
  5192 | Temple   | Entered the Ecumenical Temple
  5241 | D:5      | Found Ewnukeqy's Weapon Boutique.
  5397 | D:5      | Found a radiant altar of Vehumet.
  5474 | D:5      | Found a burning altar of Makhleb.
  5480 | D:5      | Became a worshipper of Makhleb the Destroyer
  6402 | D:5      | Got a heavily runed leather armour
  6413 | D:5      | Identified the cursed +0 leather armour of the Snake Pit
                  | {Int+2 Slay+2} (You found it on level 5 of the Dungeon)
  6685 | D:6      | Reached skill level 10 in Axes
  6689 | D:6      | Reached skill level 1 in Armour
  6984 | D:6      | Found Konougupn's Gadget Shop.
  7011 | D:6      | Bought a wand of paralysis (7) for 126 gold pieces
  7347 | D:6      | Reached skill level 1 in Shields
  7362 | D:6      | Reached * piety under Makhleb
  7362 | D:6      | Reached XP level 9. HP: 45/64 MP: 6/9
  7440 | D:6      | Found an ancient bone altar of Kikubaaqudgha.
  8198 | D:6      | Found Zin's Purification Station.
  8202 | D:6      | Found a glowing silver altar of Zin.
  8296 | D:7      | Reached ** piety under Makhleb
  8422 | D:7      | Found a glowing golden altar of the Shining One.
  8432 | D:7      | Reached skill level 11 in Axes
  8478 | D:7      | Found an opulent altar of Gozag.
  8526 | D:7      | Found an iron altar of Okawaru.
  8862 | D:7      | Reached skill level 5 in Fighting
  9405 | D:8      | Gained mutation: You regenerate magic rapidly. [demonic
                  | ancestry]
  9405 | D:8      | Reached XP level 10. HP: 65/74 MP: 10/10
  9635 | D:8      | Found a snail-covered altar of Cheibriados.
  9728 | D:8      | Reached skill level 12 in Axes
  9795 | D:8      | Found a shimmering altar of Xom.
  9909 | D:9      | Found a glowing golden altar of the Shining One.
  9938 | D:9      | Found a shattered altar of Ashenzari.
  9983 | D:9      | Reached *** piety under Makhleb
 10146 | D:9      | Found a staircase to the Lair.
 10157 | D:9      | Found a white marble altar of Elyvilon.
 10187 | D:9      | Found a staircase to the Orcish Mines.
 10192 | D:9      | Noticed Harold
 10270 | Lair:1   | Entered Level 1 of the Lair of Beasts
 10683 | Lair:2   | Noticed Erica
 10807 | Lair:2   | Demolished by a komodo dragon

Skill      XL: |  1  2  3  4  5  6  7  8  9 10 |
---------------+-------------------------------+-----
Axes           | 3 4 5 6 7 9 10 11 12 | 12.5
Armour         | 1 |  1.5
Fighting       | 3 5 6 |  6.6
Shields        | 1 3 4 |  4.0
Dodging        | 3 |  3.8
Throwing       | |  1.7

Action                   |  1- 3 |  4- 6 |  7- 9 | 10-12 || total
-------------------------+-------+-------+-------+-------++-------
Melee: War axe           |    96 |   129 |   495 |   172 ||   892
       Kick              |    15 |    37 |    54 |       ||   106
Throw: Throwing net      |     1 |     5 |     4 |     2 ||    12
       Tomahawk          |       |       |     3 |       ||     3
Evoke: Wand              |       |       |     1 |     1 ||     2
 Stab: Paralysed         |       |       |     4 |       ||     4
       Sleeping          |       |       |     1 |       ||     1
       Held in net/web   |       |       |       |     2 ||     2
  Eat: Chunk             |     1 |     6 |    14 |     3 ||    24
       Ration            |       |     1 |     1 |     1 ||     3
Armor: Leather armour    |    28 |     7 |   102 |    74 ||   211
       Ring mail         |       |    33 |    75 |       ||   108
Dodge: Dodged            |    66 |    70 |   286 |   106 ||   528
Block: Buckler           |       |     9 |    71 |    41 ||   121
